[ PARTIDA AOE2 · #484268676 ]
UnrankedTeutones vs Vikings
[ ANÁLISIS DE REPETICIÓN · EXTRAÍDO DE LA PARTIDA GRABADA ]
Feudal
11:40
Castillos
17:55
Imperial
31:52
| APM promedio | 16.9 |
| APM pico | 38 |
| eAPM promedio | 11.6 |
| Aldeanos / militares | 106 / 51 |
Foco
⚔️ 19.9% · 🌾 80.1%
Teutonic Knight ×31 · Spearman ×16 · Trebuchet (Packed) ×4
Feudal
9:52
Castillos
16:33
Imperial
31:20
| APM promedio | 22.5 |
| APM pico | 58 |
| eAPM promedio | 11.9 |
| Aldeanos / militares | 146 / 166 |
Foco
⚔️ 32.8% · 🌾 67.2%
Berserk ×145 · Battering Ram ×21
Feudal
—
Castillos
—
Imperial
—
| APM promedio | 5.5 |
| APM pico | 59 |
| eAPM promedio | 1.1 |
| Aldeanos / militares | 18 / 0 |
Foco
⚔️ 0.0% · 🌾 100.0%
Feudal
—
Castillos
—
Imperial
—
| APM promedio | 0.0 |
| APM pico | 1 |
| eAPM promedio | 0.0 |
| Aldeanos / militares | 0 / 0 |
Feudal
—
Castillos
—
Imperial
—
| APM promedio | 0.3 |
| APM pico | 11 |
| eAPM promedio | 0.2 |
| Aldeanos / militares | 1 / 0 |
Foco
⚔️ 14.3% · 🌾 85.7%
Feudal
—
Castillos
—
Imperial
—
| APM promedio | 2.3 |
| APM pico | 46 |
| eAPM promedio | 1.6 |
| Aldeanos / militares | 4 / 0 |
Foco
⚔️ 0.0% · 🌾 100.0%
Feudal
—
Castillos
—
Imperial
—
| APM promedio | 2.4 |
| APM pico | 30 |
| eAPM promedio | 0.9 |
| Aldeanos / militares | 11 / 0 |
Foco
⚔️ 0.0% · 🌾 100.0%
Feudal
—
Castillos
—
Imperial
—
| APM promedio | 0.1 |
| APM pico | 5 |
| eAPM promedio | 0.1 |
| Aldeanos / militares | 0 / 0 |
Foco
⚔️ 0.0% · 🌾 100.0%
Mapa de la partida
Recursos iniciales + cada clic de construcción. Líneas = muros · curvas = relieve. ◆ oro · ⬟ piedra · ● bayas · ✦ reliquia · ◌ hueco del cierre
Tu base· ✓ Cerrada en 17:55 · 0t muro · 2 puerta(s)
Base de Radinge· ✓ Cerrada en 16:33 · 0t muro · 3 puerta(s)
Base de DrMoose626· ✓ Cerrada en 12:00 · 0t muro · 2 puerta(s)
Base de Heriasarch· ✓ Cerrada en 12:00 · 0t muro · 2 puerta(s)
Base de KOLSONxCANADIAN· ✓ Cerrada en 12:00 · 0t muro · 2 puerta(s)
Base de TDoggy· ✓ Cerrada en 12:00 · 0t muro · 3 puerta(s)
Base de aero_nautica· ✓ Cerrada en 12:00 · 0t muro · 3 puerta(s)
Base de 不吃五花肉· ✓ Cerrada en 12:00 · 0t muro · 3 puerta(s)
Terreno inicial suavizado · ◌ = hueco del cierre detectado · pasá el cursor para detalles
Inputs por minuto
— randomplayer - - Radinge
Build order — randomplayer
Primeras 150 de 304 acciones detectadas
| 0:07 | Construir | House |
| 1:37 | Crear | Villager (Male) |
| 1:38 | Crear | Villager (Male) |
| 1:38 | Crear | Villager (Male) |
| 2:08 | Crear | Villager (Male) |
| 2:08 | Crear | Villager (Male) |
| 2:29 | Construir | House |
| 3:12 | Crear | Villager (Male) |
| 3:12 | Crear | Villager (Male) |
| 3:17 | Construir | House |
| 4:44 | Investigar | Loom |
| 4:44 | Crear | Villager (Male) |
| 4:44 | Crear | Villager (Male) |
| 5:01 | Crear | Villager (Male) |
| 5:13 | Crear | Villager (Male) |
| 5:13 | Crear | Villager (Male) |
| 5:50 | Crear | Villager (Male) |
| 6:04 | Crear | Villager (Male) |
| 6:41 | Crear | Villager (Male) |
| 7:26 | Construir | Lumber Camp |
| 8:24 | Crear | Villager (Male) |
| 8:24 | Crear | Villager (Male) |
| 8:39 | Construir | Mill |
| 9:02 | Construir | House |
| 9:03 | Construir | House |
| 9:30 | Investigar | Feudal Age |
| 9:44 | Crear | Villager (Male) |
| 9:45 | Crear | Villager (Male) |
| 9:52 | Construir | House |
| 9:59 | Crear | Villager (Male) |
| 11:40 | Edad | Edad Feudal |
| 11:47 | Investigar | Double-Bit Axe |
| 12:18 | Construir | Market |
| 12:23 | Construir | Blacksmith |
| 12:34 | Crear | Villager (Male) |
| 12:44 | Crear | Villager (Male) |
| 12:46 | Investigar | Horse Collar |
| 13:21 | Construir | Farm |
| 13:23 | Construir | Farm |
| 13:49 | Construir | Mining Camp |
| 14:23 | Investigar | Stone Mining |
| 15:15 | Investigar | Castle Age |
| 15:48 | Construir | Lumber Camp |
| 15:52 | Crear | Villager (Male) |
| 15:53 | Crear | Villager (Male) |
| 17:55 | Edad | Edad de los Castillos |
| 18:01 | Investigar | Bow Saw |
| 18:07 | Construir | Town Center |
| 18:16 | Crear | Villager (Male) |
| 18:23 | Construir | Farm |
| 18:26 | Crear | Villager (Male) |
| 18:56 | Construir | Farm |
| 19:05 | Construir | Farm |
| 19:06 | Construir | Farm |
| 19:07 | Construir | Farm |
| 19:08 | Construir | Farm |
| 19:10 | Construir | Farm |
| 19:11 | Construir | Farm |
| 19:12 | Construir | Farm |
| 19:15 | Crear | Villager (Male) |
| 19:20 | Construir | Farm |
| 19:49 | Crear | Villager (Male) |
| 20:21 | Crear | Villager (Male) |
| 20:21 | Crear | Villager (Male) |
| 20:22 | Crear | Villager (Male) |
| 20:31 | Construir | Farm |
| 20:33 | Construir | Farm |
| 20:34 | Construir | Farm |
| 20:42 | Construir | Farm |
| 20:44 | Construir | Farm |
| 20:45 | Construir | Farm |
| 20:46 | Construir | Farm |
| 20:48 | Construir | Farm |
| 20:53 | Crear | Villager (Male) |
| 20:53 | Crear | Villager (Male) |
| 20:53 | Crear | Villager (Male) |
| 21:37 | Crear | Villager (Male) |
| 21:37 | Crear | Villager (Male) |
| 21:38 | Crear | Villager (Male) |
| 21:38 | Crear | Villager (Male) |
| 22:18 | Construir | Town Center |
| 22:32 | Crear | Villager (Male) |
| 22:32 | Crear | Villager (Male) |
| 22:32 | Crear | Villager (Male) |
| 22:33 | Crear | Villager (Male) |
| 22:37 | Construir | House |
| 22:47 | Construir | House |
| 22:48 | Construir | House |
| 22:49 | Construir | House |
| 22:50 | Construir | House |
| 22:50 | Construir | House |
| 22:52 | Construir | House |
| 22:57 | Investigar | Stone Shaft Mining |
| 23:05 | Crear | Villager (Male) |
| 23:54 | Crear | Villager (Male) |
| 23:55 | Crear | Villager (Male) |
| 24:04 | Construir | University |
| 24:09 | Construir | Monastery |
| 24:21 | Crear | Villager (Male) |
| 24:21 | Crear | Villager (Male) |
| 24:21 | Crear | Villager (Male) |
| 24:21 | Crear | Villager (Male) |
| 24:22 | Crear | Villager (Male) |
| 24:37 | Investigar | Gold Mining |
| 24:41 | Investigar | Heavy Plow |
| 24:51 | Crear | Villager (Male) |
| 24:51 | Crear | Villager (Male) |
| 24:51 | Crear | Villager (Male) |
| 24:51 | Crear | Villager (Male) |
| 25:17 | Crear | Villager (Male) |
| 25:17 | Crear | Villager (Male) |
| 25:17 | Crear | Villager (Male) |
| 25:37 | Construir | House |
| 25:37 | Construir | House |
| 25:37 | Construir | House |
| 25:38 | Construir | House |
| 25:38 | Construir | House |
| 25:38 | Construir | House |
| 25:39 | Construir | House |
| 25:39 | Construir | House |
| 25:51 | Crear | Villager (Male) |
| 25:51 | Crear | Villager (Male) |
| 26:12 | Investigar | Wheelbarrow |
| 26:26 | Crear | Villager (Male) |
| 26:28 | Investigar | Fortified Wall (upgrade) |
| 26:39 | Crear | Villager (Male) |
| 26:40 | Crear | Villager (Male) |
| 27:02 | Construir | Farm |
| 27:12 | Crear | Villager (Male) |
| 27:12 | Crear | Villager (Male) |
| 27:19 | Crear | Villager (Male) |
| 27:19 | Crear | Villager (Male) |
| 27:20 | Crear | Villager (Male) |
| 27:20 | Crear | Villager (Male) |
| 27:26 | Crear | Villager (Male) |
| 27:26 | Crear | Villager (Male) |
| 27:27 | Crear | Villager (Male) |
| 27:52 | Crear | Villager (Male) |
| 27:52 | Crear | Villager (Male) |
| 28:30 | Investigar | Imperial Age |
| 29:18 | Investigar | Hand Cart |
| 29:25 | Construir | House |
| 29:25 | Construir | House |
| 29:25 | Construir | House |
| 29:26 | Construir | House |
| 29:26 | Construir | House |
| 29:26 | Construir | House |
| 29:26 | Construir | House |
| 29:27 | Construir | House |
| 30:01 | Investigar | Ballistics |
Build order — Radinge
Primeras 150 de 280 acciones detectadas
| 0:02 | Crear | Villager (Male) ×4 |
| 0:08 | Construir | House |
| 0:13 | Construir | House |
| 1:31 | Crear | Villager (Male) |
| 1:54 | Crear | Villager (Male) |
| 2:33 | Crear | Villager (Male) |
| 2:54 | Investigar | Loom |
| 2:57 | Crear | Villager (Male) |
| 3:25 | Crear | Villager (Male) |
| 3:44 | Construir | House |
| 3:54 | Construir | House |
| 4:00 | Construir | Lumber Camp |
| 4:08 | Crear | Villager (Male) |
| 4:09 | Crear | Villager (Male) |
| 4:09 | Crear | Villager (Male) |
| 4:46 | Construir | Mill |
| 4:58 | Crear | Villager (Male) |
| 5:19 | Crear | Villager (Male) |
| 5:49 | Crear | Villager (Male) |
| 6:18 | Crear | Villager (Male) |
| 6:41 | Crear | Villager (Male) |
| 7:11 | Crear | Villager (Male) |
| 7:42 | Investigar | Feudal Age |
| 7:51 | Construir | Mining Camp |
| 9:40 | Crear | Villager (Male) ×5 |
| 9:52 | Edad | Edad Feudal |
| 10:21 | Construir | House |
| 10:33 | Construir | Blacksmith |
| 11:16 | Construir | Market |
| 11:19 | Construir | House |
| 11:48 | Crear | Villager (Male) |
| 12:21 | Crear | Villager (Male) |
| 12:25 | Construir | Farm |
| 12:26 | Construir | Farm |
| 12:57 | Crear | Villager (Male) |
| 13:07 | Construir | House |
| 13:22 | Crear | Villager (Male) |
| 13:25 | Construir | Farm |
| 13:44 | Construir | Mining Camp |
| 13:50 | Construir | Farm |
| 13:53 | Investigar | Castle Age |
| 14:22 | Investigar | Double-Bit Axe |
| 14:25 | Investigar | Horse Collar |
| 15:09 | Construir | Farm |
| 15:12 | Construir | Farm |
| 15:16 | Construir | Farm |
| 16:23 | Crear | Villager (Male) ×5 |
| 16:33 | Edad | Edad de los Castillos |
| 16:45 | Construir | Town Center |
| 16:53 | Investigar | Bow Saw |
| 17:28 | Construir | House |
| 17:31 | Construir | House |
| 17:32 | Construir | House |
| 18:03 | Crear | Villager (Male) ×5 |
| 18:12 | Crear | Villager (Male) |
| 18:12 | Crear | Villager (Male) |
| 18:42 | Construir | Farm |
| 18:55 | Crear | Villager (Male) |
| 19:20 | Construir | Castle |
| 19:24 | Crear | Villager (Male) |
| 19:27 | Crear | Villager (Male) |
| 19:29 | Crear | Villager (Male) |
| 19:55 | Construir | Mill |
| 19:58 | Construir | Farm |
| 19:58 | Construir | Farm |
| 19:58 | Construir | Farm |
| 19:59 | Construir | Farm |
| 19:59 | Construir | Farm |
| 19:59 | Construir | Farm |
| 19:59 | Construir | Farm |
| 20:00 | Construir | Farm |
| 20:06 | Crear | Villager (Male) ×2 |
| 20:37 | Construir | House |
| 20:38 | Construir | House |
| 20:41 | Construir | House |
| 20:42 | Construir | House |
| 20:43 | Construir | House |
| 20:46 | Construir | House |
| 20:46 | Construir | House |
| 20:47 | Construir | House |
| 20:48 | Construir | House |
| 20:49 | Construir | House |
| 20:51 | Construir | House |
| 20:59 | Crear | Villager (Male) ×3 |
| 21:02 | Crear | Villager (Male) |
| 21:18 | Construir | Town Center |
| 21:28 | Construir | Mining Camp |
| 21:35 | Crear | Villager (Male) |
| 21:35 | Crear | Villager (Male) |
| 21:37 | Crear | Villager (Male) |
| 21:38 | Crear | Villager (Male) |
| 22:07 | Investigar | Heavy Plow |
| 22:19 | Construir | Farm |
| 22:23 | Construir | Farm |
| 22:25 | Construir | Farm |
| 22:28 | Construir | Farm |
| 22:35 | Crear | Villager (Male) ×5 |
| 22:35 | Crear | Villager (Male) ×5 |
| 22:52 | Crear | Villager (Male) ×2 |
| 22:52 | Crear | Villager (Male) ×2 |
| 23:10 | Crear | Villager (Male) |
| 23:47 | Construir | Town Center |
| 23:54 | Crear | Villager (Male) ×5 |
| 23:54 | Crear | Villager (Male) ×5 |
| 24:02 | Construir | Farm |
| 24:05 | Construir | Farm |
| 24:10 | Construir | Farm |
| 24:17 | Construir | Farm |
| 24:22 | Construir | Farm |
| 24:30 | Crear | Villager (Male) ×5 |
| 24:30 | Crear | Villager (Male) ×2 |
| 24:31 | Crear | Villager (Male) ×2 |
| 24:52 | Crear | Villager (Male) ×4 |
| 24:53 | Crear | Villager (Male) ×4 |
| 25:00 | Construir | Farm |
| 25:03 | Construir | Farm |
| 25:07 | Construir | Farm |
| 25:17 | Construir | House |
| 25:20 | Construir | House |
| 25:21 | Construir | House |
| 25:22 | Construir | House |
| 25:30 | Crear | Villager (Male) ×5 |
| 25:30 | Crear | Villager (Male) ×5 |
| 25:30 | Crear | Villager (Male) ×5 |
| 25:50 | Construir | Mining Camp |
| 25:54 | Investigar | Gold Mining |
| 26:12 | Construir | Farm |
| 26:12 | Construir | Farm |
| 26:12 | Construir | Farm |
| 26:12 | Construir | Farm |
| 26:13 | Construir | Farm |
| 26:13 | Construir | Farm |
| 26:13 | Construir | Farm |
| 26:13 | Construir | Farm |
| 26:14 | Construir | Farm |
| 26:14 | Construir | Farm |
| 26:14 | Construir | Farm |
| 26:23 | Construir | Farm |
| 26:24 | Construir | Farm |
| 26:26 | Construir | Farm |
| 26:29 | Construir | Farm |
| 26:34 | Crear | Villager (Male) ×5 |
| 26:34 | Crear | Villager (Male) ×5 |
| 26:34 | Crear | Villager (Male) ×5 |
| 26:46 | Investigar | Stone Mining |
| 27:18 | Investigar | Gold Shaft Mining |
| 27:31 | Construir | Lumber Camp |
| 27:39 | Construir | House |
| 27:40 | Construir | House |
| 27:44 | Construir | House |
Build order — DrMoose626
24 acciones detectadas en el replay
| 0:01 | Crear | Villager (Male) |
| 0:01 | Crear | Villager (Male) |
| 0:01 | Crear | Villager (Male) |
| 0:01 | Crear | Villager (Male) |
| 0:04 | Construir | House |
| 0:07 | Construir | House |
| 1:36 | Crear | Villager (Male) |
| 1:45 | Construir | Lumber Camp |
| 1:48 | Crear | Villager (Male) |
| 1:48 | Crear | Villager (Male) |
| 2:13 | Crear | Villager (Male) |
| 2:13 | Crear | Villager (Male) |
| 2:36 | Crear | Villager (Male) |
| 2:36 | Crear | Villager (Male) |
| 2:36 | Crear | Villager (Male) |
| 2:43 | Construir | House |
| 2:45 | Construir | House |
| 3:23 | Crear | Villager (Male) |
| 3:45 | Crear | Villager (Male) |
| 3:45 | Crear | Villager (Male) |
| 4:25 | Construir | Mill |
| 4:45 | Crear | Villager (Male) |
| 5:17 | Crear | Villager (Male) |
| 5:29 | Crear | Villager (Male) |
Build order — Heriasarch
0 acciones detectadas en el replay
Build order — KOLSONxCANADIAN
6 acciones detectadas en el replay
| 0:02 | Construir | House |
| 0:10 | Construir | House |
| 0:15 | Construir | House |
| 0:19 | Construir | House |
| 0:21 | Crear | Villager (Male) |
| 0:22 | Investigar | Loom |
Build order — TDoggy
6 acciones detectadas en el replay
| 0:02 | Crear | Villager (Male) |
| 0:02 | Crear | Villager (Male) |
| 0:03 | Crear | Villager (Male) |
| 0:03 | Crear | Villager (Male) |
| 0:04 | Construir | House |
| 0:05 | Construir | House |
Build order — aero_nautica
16 acciones detectadas en el replay
| 0:02 | Crear | Villager (Male) |
| 0:02 | Crear | Villager (Male) |
| 0:03 | Crear | Villager (Male) |
| 0:03 | Crear | Villager (Male) |
| 0:06 | Construir | House |
| 0:07 | Construir | House |
| 1:39 | Crear | Villager (Male) |
| 1:59 | Crear | Villager (Male) |
| 2:07 | Construir | Lumber Camp |
| 2:36 | Crear | Villager (Male) |
| 3:07 | Crear | Villager (Male) |
| 3:18 | Crear | Villager (Male) |
| 4:07 | Construir | House |
| 4:09 | Construir | House |
| 4:10 | Crear | Villager (Male) |
| 4:33 | Crear | Villager (Male) |
Build order — 不吃五花肉
2 acciones detectadas en el replay
| 0:05 | Construir | House |
| 0:07 | Construir | House |
Cronología de la partida
| 0:01 | Heriasarch · resign |
| 9:52 | Radinge · age_up feudal |
| 11:40 | randomplayer · age_up feudal |
| 13:41 | randomplayer · first_market_sell 100 stone |
| 16:33 | Radinge · age_up castle |
| 17:55 | randomplayer · age_up castle |
| 19:20 | Radinge · first_building Castle |
| 24:09 | randomplayer · first_building Monastery |
| 28:14 | randomplayer · first_market_buy 100 food |
| 29:43 | Radinge · first_building Barracks |
| 29:50 | Radinge · first_building Siege Workshop |
| 31:20 | Radinge · age_up imperial |
| 31:52 | randomplayer · age_up imperial |
| 35:02 | randomplayer · first_building Castle |
| 37:40 | randomplayer · first_building Barracks |
[ ANÁLISIS IA · 1 CRÉDITO ]
¿Qué pasó realmente en esta partida?
Wolo.gg analiza cada decisión: build order, eco, micro, errores típicos por bracket. Análisis personalizado por WhatsApp o Discord en 30 segundos.
Guía civ
Teutones
Perfil
Jugador #444718